PAA
MERCER ISLAND SCREAMING EAGLES @ ATHLETIC CLUB KC ACADEMY
08/02/2027
 
TOP OF THE 1ST
Mercer Island Screaming Eagles batting - Pitching for Athletic Club KC Academy : RHP Stanley Yelnats
Pitching: RHP Stanley Yelnats
Batting: LHB Hideki Hisanobu 0-0: Ball
1-0: Bunt missed!
1-1: Ball
2-1: Foul Ball, location: 2F
2-2: Strikes out swinging
Batting: RHB Raúl Chávez 0-0: Swinging Strike
0-1: Swinging Strike
0-2: Strikes out looking
Batting: SHB José Rico 0-0: Called Strike
0-1: Called Strike
0-2: Foul Ball, location: 2F
0-2: Ball
1-2: Ball
2-2: Foul Ball, location: 2F
2-2: Ball
3-2: DOUBLE (Flyball, 89D)
Batting: RHB Kade Knowles 0-0: Called Strike
0-1: Foul Ball, location: 2F
0-2: Ball
1-2: Strikes out looking
Top of the 1st over - 0 run(s), 1 hit(s), 0 error(s), 1 left on base; Mercer Island 0 - Athletic Club KC Academy 0
BOTTOM OF THE 1ST
Athletic Club KC Academy batting - Pitching for Mercer Island Screaming Eagles : RHP Gob Bluth
Pitching: RHP Gob Bluth
Batting: RHB Richard Younger 0-0: Ball
1-0: Called Strike
1-1: Ball
2-1: Foul Ball, location: 2F
2-2: Ball
3-2: Ground out 3-1 (Groundball, 34)
Batting: LHB Tsai Ng 0-0: Foul Ball, location: 2F
0-1: Ball
1-1: Fly out, F7 (Flyball, 7S)
Batting: LHB Tony García 0-0: Ball
1-0: Fly out, F9 (Flyball, 89M)
Bottom of the 1st over - 0 run(s), 0 hit(s), 0 error(s), 0 left on base; Mercer Island 0 - Athletic Club KC Academy 0
TOP OF THE 2ND
Mercer Island Screaming Eagles batting - Pitching for Athletic Club KC Academy : RHP Stanley Yelnats
Batting: RHB Marcos Reyes 0-0: Ball
1-0: Foul Ball, location: 2F
1-1: Fly out, F7 (Flyball, 7S)
Batting: LHB Mike Russell 0-0: Ball
1-0: Reached on error, E5 (Groundball, 56S)
Batting: RHB Luis Jiménez 0-0: Called Strike
0-1: Grounds into double play, 5-4-3 (Groundball, 5)
Top of the 2nd over - 0 run(s), 0 hit(s), 1 error(s), 0 left on base; Mercer Island 0 - Athletic Club KC Academy 0
BOTTOM OF THE 2ND
Athletic Club KC Academy batting - Pitching for Mercer Island Screaming Eagles : RHP Gob Bluth
Batting: RHB Andrés Medina 0-0: Called Strike
0-1: Reached on error, E2 (Popup, 25)
Batting: LHB Arturo Sosa 0-0: Ball
1-0: Ball
2-0: Called Strike
2-1: Ball
3-1: Foul Ball, location: 2F
3-2: Strikes out looking
Andrés Medina steals 2nd base
Batter strikes out.
Batting: RHB Pedro Solís 0-0: Ball
1-0: Ball
2-0: Called Strike
2-1: Called Strike
2-2: Ball
3-2: Ground out 5-3 (Groundball, 56)
Batting: RHB José Flores 0-0: Ball
1-0: Ball
2-0: Foul Ball, location: 2F
2-1: Foul Ball, location: 2F
2-2: Ball
3-2: Ground out 6-3 (Groundball, 6S)
Bottom of the 2nd over - 0 run(s), 0 hit(s), 1 error(s), 1 left on base; Mercer Island 0 - Athletic Club KC Academy 0
TOP OF THE 3RD
Mercer Island Screaming Eagles batting - Pitching for Athletic Club KC Academy : RHP Stanley Yelnats
Batting: RHB Raúl Moreno 0-0: Fly out, F5 (Popup, 56)
Batting: SHB León Estrada 0-0: Fly out, F8 (Line Drive, 8RXD)
Batting: LHB Hideki Hisanobu 0-0: Ball
1-0: Ball
2-0: Called Strike
2-1: Foul Ball, location: 2F
2-2: SINGLE (Groundball, 6D)
Batting: RHB Raúl Chávez 0-0: Called Strike
0-1: Ball
1-1: Ball
2-1: Ball
3-1: Foul Ball, location: 2F
3-2: SINGLE (Line Drive, 78M)
Hideki Hisanobu to second
Hideki Hisanobu to third
Batting: SHB José Rico 0-0: Ball
1-0: Called Strike
1-1: Foul Ball, location: 2F
1-2: Foul Ball, location: 2F
1-2: Ball
2-2: Strikes out looking
Top of the 3rd over - 0 run(s), 2 hit(s), 0 error(s), 2 left on base; Mercer Island 0 - Athletic Club KC Academy 0
BOTTOM OF THE 3RD
Athletic Club KC Academy batting - Pitching for Mercer Island Screaming Eagles : RHP Gob Bluth
Batting: RHB Nathaniel Gault 0-0: Ground out 1-3 (Groundball, 15S)
Batting: LHB Héctor Barrios 0-0: Ball
1-0: Bunt for hit - play at first, batter OUT! 2-3
Batting: RHB Richard Younger 0-0: Swinging Strike
0-1: Foul Ball, location: 2F
0-2: Ball
1-2: Ball
2-2: Ball
3-2: Fly out, F7 (Flyball, 78M)
Bottom of the 3rd over - 0 run(s), 0 hit(s), 0 error(s), 0 left on base; Mercer Island 0 - Athletic Club KC Academy 0
TOP OF THE 4TH
Mercer Island Screaming Eagles batting - Pitching for Athletic Club KC Academy : RHP Stanley Yelnats
Batting: RHB Kade Knowles 0-0: Ground out 6-3 (Groundball, 6)
Batting: RHB Marcos Reyes 0-0: Ball
1-0: Ball
2-0: Called Strike
2-1: SINGLE (Line Drive, 56D)
Batting: LHB Mike Russell 0-0: Called Strike
0-1: Foul Ball, location: 2F
0-2: Ball
1-2: Grounds into double play, 6-4-3 (Groundball, 6)
Top of the 4th over - 0 run(s), 1 hit(s), 0 error(s), 0 left on base; Mercer Island 0 - Athletic Club KC Academy 0
BOTTOM OF THE 4TH
Athletic Club KC Academy batting - Pitching for Mercer Island Screaming Eagles : RHP Gob Bluth
Batting: LHB Tsai Ng 0-0: Ball
1-0: Ball
2-0: Ground out 4-3 (Groundball, 4)
Batting: LHB Tony García 0-0: Called Strike
0-1: Foul Ball, location: 2F
0-2: Strikes out looking
Batting: RHB Andrés Medina 0-0: Ball
1-0: Ground out 5-3 (Groundball, 56)
Bottom of the 4th over - 0 run(s), 0 hit(s), 0 error(s), 0 left on base; Mercer Island 0 - Athletic Club KC Academy 0
TOP OF THE 5TH
Mercer Island Screaming Eagles batting - Pitching for Athletic Club KC Academy : RHP Stanley Yelnats
Batting: RHB Luis Jiménez 0-0: Called Strike
0-1: Foul Ball, location: 2F
0-2: Foul Ball, location: 2F
0-2: Ball
1-2: Ball
2-2: Ground out 6-3 (Groundball, 6S)
Batting: RHB Raúl Moreno 0-0: Foul Ball, location: 2F
0-1: Ball
1-1: Foul Ball, location: 2F
1-2: Ground out 4-3 (Groundball, 4)
Batting: SHB León Estrada 0-0: Ball
1-0: Foul Ball, location: 2F
1-1: Fly out, F7 (Flyball, 7)
Top of the 5th over - 0 run(s), 0 hit(s), 0 error(s), 0 left on base; Mercer Island 0 - Athletic Club KC Academy 0
BOTTOM OF THE 5TH
Athletic Club KC Academy batting - Pitching for Mercer Island Screaming Eagles : RHP Gob Bluth
Batting: LHB Arturo Sosa 0-0: Called Strike
0-1: Foul Ball, location: 2F
0-2: SINGLE (Groundball, 13S) (infield hit)
Batting: RHB Pedro Solís 0-0: Ball
1-0: Sac Bunt - play at first, batter OUT! 1-3
Arturo Sosa to second
Batting: RHB José Flores 0-0: Intentional Walk
Batting: RHB Nathaniel Gault 0-0: Called Strike
0-1: Ball
1-1: Foul Ball, location: 2F
1-2: Strikes out swinging
Batting: LHB Héctor Barrios 0-0: Fly out, F7 (Flyball, 7)
Bottom of the 5th over - 0 run(s), 1 hit(s), 0 error(s), 2 left on base; Mercer Island 0 - Athletic Club KC Academy 0
TOP OF THE 6TH
Mercer Island Screaming Eagles batting - Pitching for Athletic Club KC Academy : RHP Stanley Yelnats
Batting: LHB Hideki Hisanobu 0-0: Called Strike
0-1: Ball
1-1: Ball
2-1: Fly out, F8 (Flyball, 89M)
Batting: RHB Raúl Chávez 0-0: Called Strike
0-1: Called Strike
0-2: Strikes out swinging
Batting: SHB José Rico 0-0: Foul Ball, location: 2F
0-1: Ball
1-1: Ball
2-1: Fly out, F7 (Flyball, 7LM)
Top of the 6th over - 0 run(s), 0 hit(s), 0 error(s), 0 left on base; Mercer Island 0 - Athletic Club KC Academy 0
BOTTOM OF THE 6TH
Athletic Club KC Academy batting - Pitching for Mercer Island Screaming Eagles : RHP Gob Bluth
Batting: RHB Richard Younger 0-0: Ball
1-0: Ball
2-0: Called Strike
2-1: Called Strike
2-2: Foul Ball, location: 2F
2-2: Strikes out swinging
Batting: LHB Tsai Ng 0-0: Called Strike
0-1: Called Strike
0-2: Strikes out looking
Batting: LHB Tony García 0-0: Called Strike
0-1: Swinging Strike
0-2: Strikes out swinging
Bottom of the 6th over - 0 run(s), 0 hit(s), 0 error(s), 0 left on base; Mercer Island 0 - Athletic Club KC Academy 0
TOP OF THE 7TH
Mercer Island Screaming Eagles batting - Pitching for Athletic Club KC Academy : RHP Stanley Yelnats
Batting: RHB Kade Knowles 0-0: Called Strike
0-1: Called Strike
0-2: Ball
1-2: Ball
2-2: Ground out 4-3 (Groundball, 4)
Batting: RHB Marcos Reyes 0-0: Ball
1-0: Ground out 6-3 (Groundball, 6)
Batting: LHB Mike Russell 0-0: Ball
1-0: Ball
2-0: Ground out 6-3 (Groundball, 6)
Top of the 7th over - 0 run(s), 0 hit(s), 0 error(s), 0 left on base; Mercer Island 0 - Athletic Club KC Academy 0
BOTTOM OF THE 7TH
Athletic Club KC Academy batting - Pitching for Mercer Island Screaming Eagles : RHP Gob Bluth
Batting: RHB Andrés Medina 0-0: Fly out, F8 (Line Drive, 8LS)
Batting: LHB Arturo Sosa 0-0: Called Strike
0-1: Fly out, F7 (Flyball, 7)
Batting: RHB Pedro Solís 0-0: Foul Ball, location: 2F
0-1: Ball
1-1: Ball
2-1: Ball
3-1: Foul Ball, location: 2F
3-2: Base on Balls
Pinch Hitting: RHB Jesús Vargas 0-0: Ball
1-0: Foul Ball, location: 2F
1-1: Ball
2-1: Ball
3-1: Base on Balls
Pedro Solís to second
Batting: RHB Nathaniel Gault 0-0: Ball
1-0: Ground out 2-3 (Groundball, 2L)
Bottom of the 7th over - 0 run(s), 0 hit(s), 0 error(s), 2 left on base; Mercer Island 0 - Athletic Club KC Academy 0
TOP OF THE 8TH
Mercer Island Screaming Eagles batting - Pitching for Athletic Club KC Academy : RHP Stanley Yelnats
Pitching: RHP Kas Groen
Now in CF: Jesús Vargas
Pinch Hitting: SHB Stephen Dowell 0-0: Called Strike
0-1: Ground out U3 (Groundball, 3)
Batting: RHB Raúl Moreno 0-0: Ball
1-0: Ball
2-0: Ball
3-0: Base on Balls
Pinch Hitting: LHB Jacob Herman 0-0: Called Strike
0-1: Foul Ball, location: 2F
0-2: Strikes out looking
Batting: LHB Hideki Hisanobu 0-0: Called Strike
0-1: Swinging Strike
0-2: Ball
1-2: Foul Ball, location: 2F
1-2: Strikes out swinging
Top of the 8th over - 0 run(s), 0 hit(s), 0 error(s), 1 left on base; Mercer Island 0 - Athletic Club KC Academy 0
BOTTOM OF THE 8TH
Athletic Club KC Academy batting - Pitching for Mercer Island Screaming Eagles : RHP Gob Bluth
Now at 2B: Jim Unknown
Now at SS: Nelson Plasenia
Pinch Hitting: LHB Matt Herman 0-0: Called Strike
0-1: Fly out, F6 (Popup, 4MD)
Batting: RHB Richard Younger 0-0: Called Strike
0-1: Called Strike
0-2: Ball
1-2: Ball
2-2: Ground out 5-3 (Groundball, 56)
Batting: LHB Tsai Ng 0-0: Swinging Strike
0-1: Ball
1-1: Ball
2-1: Ball
3-1: Swinging Strike
3-2: Strikes out looking
Bottom of the 8th over - 0 run(s), 0 hit(s), 0 error(s), 0 left on base; Mercer Island 0 - Athletic Club KC Academy 0
TOP OF THE 9TH
Mercer Island Screaming Eagles batting - Pitching for Athletic Club KC Academy : RHP Kas Groen
Pitching: RHP Frank Gallagher
Now at 2B: Mauro Valverde
Batting: RHB Raúl Chávez 0-0: Foul Ball, location: 2F
0-1: Ball
1-1: Ground out 6-3 (Groundball, 6)
Batting: SHB José Rico 0-0: Ball
1-0: Ball
2-0: Ball
3-0: Called Strike
3-1: Ground out 4-3 (Groundball, 4)
Batting: RHB Kade Knowles 0-0: Ball
1-0: Ball
2-0: Ball
3-0: Base on Balls
Batting: RHB Marcos Reyes 0-0: Hit by Pitch
Kade Knowles to second
Batting: LHB Mike Russell 0-0: Ball
1-0: Swinging Strike
1-1: Foul Ball, location: 2F
1-2: Foul Ball, location: 2F
1-2: Ball
2-2: Ball
3-2: Fly out, F9 (Flyball, 9)
Top of the 9th over - 0 run(s), 0 hit(s), 0 error(s), 2 left on base; Mercer Island 0 - Athletic Club KC Academy 0
BOTTOM OF THE 9TH
Athletic Club KC Academy batting - Pitching for Mercer Island Screaming Eagles : RHP Gob Bluth
Batting: LHB Tony García 0-0: Ball
1-0: Ball
2-0: Called Strike
2-1: Ball
3-1: Foul Ball, location: 2F
3-2: Fly out, F7 (Flyball, 7LSF)
Batting: RHB Andrés Medina 0-0: Ball
1-0: Called Strike
1-1: Ground out 4-3 (Groundball, 4MD)
Batting: LHB Arturo Sosa 0-0: Foul Ball, location: 2F
0-1: Ball
1-1: Called Strike
1-2: Ball
2-2: Ground out 6-3 (Groundball, 6)
Bottom of the 9th over - 0 run(s), 0 hit(s), 0 error(s), 0 left on base; Mercer Island 0 - Athletic Club KC Academy 0
TOP OF THE 10TH
Mercer Island Screaming Eagles batting - Pitching for Athletic Club KC Academy : RHP Frank Gallagher
Pinch Hitting: RHB Héctor Santandreu 0-0: Ball
1-0: Ball
2-0: Ball
3-0: Base on Balls
Batting: RHB Raúl Moreno 0-0: Ball
1-0: Ball
2-0: Bunted foul
2-1: Ball
3-1: Ball
Héctor Santandreu to second
Batting: LHB Nelson Plasenia 0-0: Sac Bunt - play at first, batter OUT! 1-4
Héctor Santandreu to third
Raúl Moreno to second
Batting: LHB Hideki Hisanobu 0-0: Intentional Walk
Batting: RHB Raúl Chávez 0-0: Ball
1-0: Ball
2-0: Foul Ball, location: 2F
2-1: Foul Ball, location: 2F
2-2: Foul Ball, location: 2F
2-2: Foul Ball, location: 2F
2-2: Strikes out swinging
Batting: SHB José Rico 0-0: Ball
1-0: Fly out, F7 (Flyball, 7S)
Top of the 10th over - 0 run(s), 0 hit(s), 0 error(s), 3 left on base; Mercer Island 0 - Athletic Club KC Academy 0
BOTTOM OF THE 10TH
Athletic Club KC Academy batting - Pitching for Mercer Island Screaming Eagles : RHP Gob Bluth
Pitching: RHP Doug Carlton
Now at 2B: Robert Paulsen
Batting: RHB Pedro Solís 0-0: SINGLE (Groundball, 6MD)
Batting: RHB Jesús Vargas 0-0: Bunted foul
0-1: Sac Bunt - play at first, batter OUT! 1-4
Pedro Solís to second
Pinch Hitting: RHB Shintaro Yamada 0-0: Intentional Walk
Pinch Hitting: RHB Altifício Azor 0-0: Called Strike
0-1: Foul Ball, location: 2F
0-2: Strikes out swinging
Batting: RHB Richard Younger 0-0: Called Strike
0-1: Fielders Choice at 2nd, 5-4 (Groundball, 5L)
Bottom of the 10th over - 0 run(s), 1 hit(s), 0 error(s), 1 left on base; Mercer Island 0 - Athletic Club KC Academy 0
TOP OF THE 11TH
Mercer Island Screaming Eagles batting - Pitching for Athletic Club KC Academy : RHP Frank Gallagher
Pitching: LHP Jesús Márquez
Now at 1B: Altifício Azor
Now at 2B: Wilfred Fuller
Batting: RHB Kade Knowles 0-0: Called Strike
0-1: Ground out 6-3 (Groundball, 56)
Batting: RHB Marcos Reyes 0-0: Called Strike
0-1: Ball
1-1: Fly out, F5 (Popup, 5L)
Pinch Hitting: RHB Francisco Agámez 0-0: Swinging Strike
0-1: Swinging Strike
0-2: Ball
1-2: Ball
2-2: Strikes out looking
Top of the 11th over - 0 run(s), 0 hit(s), 0 error(s), 0 left on base; Mercer Island 0 - Athletic Club KC Academy 0
BOTTOM OF THE 11TH
Athletic Club KC Academy batting - Pitching for Mercer Island Screaming Eagles : RHP Doug Carlton
Now in CF: Francisco Agámez
Batting: LHB Tsai Ng 0-0: Ball
1-0: Foul Ball, location: 2F
1-1: Ground out 3-1 (Groundball, 34)
Batting: LHB Tony García 0-0: Called Strike
0-1: Ground out U3 (Groundball, 34)
Batting: RHB Andrés Medina 0-0: Foul Ball, location: 2F
0-1: Ball
1-1: Ball
2-1: Ball
3-1: Foul Ball, location: 2F
3-2: Base on Balls
Batting: LHB Arturo Sosa 0-0: Called Strike
0-1: Ball
1-1: Foul Ball, location: 2F
1-2: Strikes out swinging
Bottom of the 11th over - 0 run(s), 0 hit(s), 0 error(s), 1 left on base; Mercer Island 0 - Athletic Club KC Academy 0
TOP OF THE 12TH
Mercer Island Screaming Eagles batting - Pitching for Athletic Club KC Academy : LHP Jesús Márquez
Batting: RHB Robert Paulsen 0-0: Fly out, F6 (Line Drive, 6M)
Batting: RHB Raúl Moreno 0-0: Ball
1-0: Foul Ball, location: 2F
1-1: Foul Ball, location: 2F
1-2: Fly out, F7 (Flyball, 78S)
Batting: LHB Nelson Plasenia 0-0: Ball
1-0: Ball
2-0: Ball
3-0: Called Strike
3-1: Foul Ball, location: 2F
3-2: Base on Balls
Batting: LHB Hideki Hisanobu 0-0: Ball
1-0: Ball
2-0: Foul Ball, location: 2F
2-1: SINGLE (Line Drive, 4)
Nelson Plasenia to second
Batting: RHB Raúl Chávez 0-0: Ball
1-0: Ball
2-0: Called Strike
2-1: Ball
3-1: Foul Ball, location: 2F
3-2: Strikes out looking
Top of the 12th over - 0 run(s), 1 hit(s), 0 error(s), 2 left on base; Mercer Island 0 - Athletic Club KC Academy 0
BOTTOM OF THE 12TH
Athletic Club KC Academy batting - Pitching for Mercer Island Screaming Eagles : RHP Doug Carlton
Batting: RHB Pedro Solís 0-0: Ball
1-0: Fly out, F7 (Flyball, 7)
Batting: RHB Jesús Vargas 0-0: Ball
1-0: Ground out 4-3 (Groundball, 4S)
Batting: RHB Wilfred Fuller 0-0: Ball
1-0: Ball
2-0: Ball
3-0: Called Strike
3-1: Foul Ball, location: 2F
3-2: Foul Ball, location: 2F
3-2: Base on Balls
Batting: RHB Altifício Azor 0-0: Foul Ball, location: 2F
0-1: Foul Ball, location: 2F
0-2: Strikes out swinging
Bottom of the 12th over - 0 run(s), 0 hit(s), 0 error(s), 1 left on base; Mercer Island 0 - Athletic Club KC Academy 0
TOP OF THE 13TH
Mercer Island Screaming Eagles batting - Pitching for Athletic Club KC Academy : LHP Jesús Márquez
Batting: SHB José Rico 0-0: Foul Ball, location: 2F
0-1: Ball
1-1: SINGLE (Groundball, 56) (infield hit)
Batting: RHB Kade Knowles 0-0: Foul Ball, location: 2F
0-1: Ball
1-1: SINGLE (Line Drive, 6D)
José Rico to second
Batting: RHB Marcos Reyes 0-0: Fly out, F3 (Line Drive, 3S)
Batting: RHB Francisco Agámez 0-0: Ball
1-0: Foul Ball, location: 2F
1-1: SINGLE (Groundball, 34D)
José Rico to third
Kade Knowles to second
Runner from 3rd tries for Home, SAFE, throw made home
Kade Knowles to third
Francisco Agámez to second
Batting: RHB Robert Paulsen 0-0: Fly out, F1 (Line Drive, 15S)
Batting: RHB Raúl Moreno 0-0: Ball
1-0: Ball
2-0: Foul Ball, location: 2F
2-1: Foul Ball, location: 2F
2-2: Foul Ball, location: 2F
2-2: Ball
3-2: Strikes out looking
Top of the 13th over - 1 run(s), 3 hit(s), 0 error(s), 2 left on base; Mercer Island 1 - Athletic Club KC Academy 0
BOTTOM OF THE 13TH
Athletic Club KC Academy batting - Pitching for Mercer Island Screaming Eagles : RHP Doug Carlton
Batting: RHB Richard Younger 0-0: Fly out, F9 (Flyball, 9S)
Batting: LHB Tsai Ng 0-0: Foul Ball, location: 2F
0-1: Ball
1-1: Ball
2-1: Foul Ball, location: 2F
2-2: Strikes out looking
Batting: LHB Tony García 0-0: Ball
1-0: Foul Ball, location: 2F
1-1: Swinging Strike
1-2: Foul Ball, location: 2F
1-2: Ball
2-2: Fly out, F7 (Flyball, 7S)
Bottom of the 13th over - 0 run(s), 0 hit(s), 0 error(s), 0 left on base; Mercer Island 1 - Athletic Club KC Academy 0
Saturday, May 26th, 2018 - OOTP Baseball 17.12 Build 75